 Dungeon Crawl Stone Soup version 0.19.1 (webtiles) character file.

122 esteth the Skirmisher (level 5, 0/42 HPs)
             Began as a Formicid Abyssal Knight on Dec 20, 2016.
             Was a Believer of Lugonu.
             Killed by a spatial distortion (2 damage)
             ... in a sewer.
             The game lasted 00:05:45 (2173 turns).

esteth the Skirmisher (Formicid Abyssal Knight)     Turns: 2173, Time: 00:05:46

Health: 0/42       AC:  4    Str: 23    XL:     5   Next: 27%
Magic:  6/6        EV:  9    Int: 11    God:    Lugonu [**....]
Gold:   132        SH:  8    Dex: 10    Spells: 0 memorised, 4 levels left

rFire  + . .     SeeInvis +     a - +1 hand axe
rCold  . . .     Gourm    .     b - +0 leather armour
rNeg   . . .     Faith    .     h - +0 shield
rPois  .         Spirit   .     (helmet unavailable)
rElec  .         Reflect  .     (no cloak)
rCorr  .         Harm     .     (no gloves)
MR     .....                    e - +0 pair of boots
Stlth  +.........               (no amulet)
                                (no ring)
                                j - ring of protection from fire

@: mighty
A: permanent stasis, dig shafts and tunnels, four strong arms, antennae 3
a: Dig, Shaft Self, Depart the Abyss, Bend Space, Renounce Religion


You were in a sewer.
You worshipped Lugonu.
Lugonu was pleased with you.
You were not hungry.

You visited 1 branch of the dungeon, and saw 3 of its levels.
You visited the Abyss 1 time.
You also visited: Sewer.

You collected 132 gold pieces.

Inventory:

Hand Weapons
 a - a +1 hand axe (weapon)
Armour
 b - a +0 leather armour (worn)
 e - a +0 pair of boots (worn)
 h - a +0 shield (worn)
Jewellery
 j - a ring of protection from fire (left hand)
Wands
 o - a wand of disintegration (16/24)
Scrolls
 d - 3 scrolls of remove curse {unknown}
 i - a scroll of immolation {unknown}
 k - a scroll of amnesia {unknown}
 l - a scroll of random uselessness {unknown}
Potions
 f - a potion of haste {unknown}
 n - a potion of berserk rage {unknown}
Comestibles
 c - 2 bread rations
 g - 2 fruits
 p - a meat ration


   Skills:
 + Level 4.0 Fighting
 * Level 3.2 Axes
 + Level 2.9 Armour
 + Level 1.8 Dodging
 * Level 1.9 Shields
 - Level 2.3 Invocations


You had 4 spell levels left.
You didn't know any spells.

Dungeon Overview and Level Annotations

Branches:
Dungeon (3/15)

Altars:
Ru

Annotations:
Sewer XO4YCPATb's ghost, amateur HuGl


Innate Abilities, Weirdness & Mutations

You are under a permanent stasis effect.
You can dig through walls and to a lower floor.
Your four strong arms can wield two-handed weapons with a shield.
You have a pair of large antennae on your head. (SInv)


Message History

XO4YCPATb's ghost hits you.
It was a potion of might.
You feel very mighty all of a sudden. You block XO4YCPATb's ghost's attack.
Your unstable footing causes you to fumble your attack.
XO4YCPATb's ghost hits you.
You slash XO4YCPATb's ghost!
XO4YCPATb's ghost is moderately damaged.
XO4YCPATb's ghost hits you!
* * * LOW HITPOINT WARNING * * *
You closely miss XO4YCPATb's ghost.
XO4YCPATb's ghost is moderately damaged.
XO4YCPATb's ghost hits you.
* * * LOW HITPOINT WARNING * * *
XO4YCPATb's ghost hits you but does no damage.
You extend your mandibles.
You can't shaft yourself on this terrain.
Space bends around you!
You blink.
Splash!
You die...

#≈≈.#
#≈≈##
##≈≈#
{
#≈†≈#{
#≈≈##
{ {
#≈.#{
#.≈# {
{ #≈≈#
{
#≈@#{
{ #≈≈#
{ { {
#≈W#
#≈§# {
#≈†##
{ #
#≈≈≈#
#
##≈≈#
#
#≈≈##
##
#≈≈≈#
{ #≈


You could see XO4YCPATb's ghost.

Vanquished Creatures
  A gnoll (D:3)
  An adder (Sewer)
  A river rat (D:3)
  4 oozes (Sewer)
  2 worms (D:2)
  11 leopard geckos
  5 bats
  7 giant cockroaches (Sewer)
  2 goblins (D:1)
  2 hobgoblins (D:1)
  6 kobolds
  12 ball pythons
  6 frilled lizards
  4 rats
64 creatures vanquished.

Notes
Turn   | Place    | Note
-------+----------+-------------------------------------------
     0 | Abyss:1  | esteth the Formicid Abyssal Knight began the quest for the Orb.
     0 | Abyss:1  | Reached XP level 1. HP: 18/18 MP: 2/2
     1 | Abyss:1  | Found a corrupted altar of Lugonu.
    35 | Abyss:1  | Noticed a small abomination
    36 | D:1      | Escaped the Abyss
    66 | D:1      | Reached skill level 1 in Dodging
   201 | D:1      | Reached * piety under Lugonu
   201 | D:1      | Reached XP level 2. HP: 20/24 MP: 3/3
   812 | D:2      | Reached XP level 3. HP: 29/29 MP: 4/4
   827 | D:2      | Found a faded altar of an unknown god.
   849 | D:2      | Found a sacrificial altar of Ru.
  1477 | D:3      | Found a glowing drain.
  1489 | D:3      | Reached XP level 4. HP: 24/37 MP: 5/5
  1527 | Sewer    | Entered a sewer
  1730 | Sewer    | Reached skill level 1 in Shields
  1834 | Sewer    | Reached ** piety under Lugonu
  1841 | Sewer    | Reached XP level 5. HP: 18/42 MP: 6/6
  1842 | Sewer    | Reached skill level 4 in Fighting
  2150 | Sewer    | Noticed XO4YCPATb's ghost (amateur HuGl)
  2172 | Sewer    | HP: 2/42 [XO4YCPATb's ghost (5)]
  2173 | Sewer    | Killed by a spatial distortion

Skill      XL: |  1  2  3  4  5 |
---------------+----------------+-----
Dodging        | 1 |  1.8
Shields        | 1 |  1.9
Axes           | 3 |  3.2
Fighting       | 4 |  4.0
Armour         | |  2.9
Invocations    | |  2.3

Action                   |  1- 3 |  4- 6 || total
-------------------------+-------+-------++-------
Melee: Hand axe          |    79 |   116 ||   195
Invok: Depart the Abyss  |     1 |       ||     1
 Abil: Dig               |       |     1 ||     1
  Use: Potion            |       |     1 ||     1
  Eat: Chunk             |     2 |     2 ||     4
Armor: Leather armour    |    25 |    46 ||    71
Dodge: Dodged            |    42 |    63 ||   105
Block: Shield            |    17 |    72 ||    89
